 Dungeon Sprint DCSS version 0.27.1-33-g824d729ab1 (webtiles) character file.

Game seed: 12742433119534637200

1894 boopmooplesden the Blocker (level 8, 0/80 HPs)
             Began as a Minotaur Fighter on Dec 16, 2021.
             Was a Priest of Okawaru.
             Slain by a redback (10 damage)
             ... in the Dungeon (Sprint VII: "The Pits").
             The game lasted 00:02:54 (1179 turns).

boopmooplesden the Blocker (Minotaur Fighter)       Turns: 1179, Time: 00:02:54

Health: 0/80       AC: 16    Str: 23    XL:     8   Next: 93%
Magic:  6/7        EV: 10    Int:  5    God:    Okawaru [***...]
Gold:   0          SH: 14    Dex: 16    Spells: 7/7 levels left

rFire    . . .     SeeInvis .   s - +2 morningstar (vorpal)
rCold    . . .     Faith    .   c - +0 kite shield
rNeg     . . .     Spirit   .   t - +4 chain mail
rPois    .         Reflect  .   (helmet restricted)
rElec    .         Harm     .   (no cloak)
rCorr    .         Rampage  .   (no gloves)
Will     .....     NoTele   +   (no boots)
Stlth    ..........             (no amulet)
HPRegen  0.23/turn              q - +3 ring of strength
MPRegen  0.10/turn              d - +3 ring of dexterity

@: lethally poisoned (0 -> -22)
A: horns 2, retaliatory headbutt
a: Renounce Religion, Heroism


You were in the Dungeon.
You worshipped Okawaru.
Okawaru was most pleased with you.
You visited 1 branch

Inventory:

Hand Weapons
 a - a +0 flail
 k - a +2 mace
 p - a +1 mace of protection
 s - a +2 vorpal morningstar (weapon)
Armour
 b - a +0 scale mail
 c - a +0 kite shield (worn)
 o - a +3 chain mail
 t - a +4 chain mail (worn)
Jewellery
 d - a +3 ring of dexterity (right hand)
 q - a +3 ring of strength (left hand)
Scrolls
 j - a scroll of blinking
 m - 5 scrolls of amnesia
 n - a scroll of summoning
Potions
 e - 9 potions of curing
 f - 10 potions of heal wounds
 g - a potion of haste
 h - 4 potions of magic
 i - 4 potions of berserk rage
 l - 2 potions of invisibility
 r - a potion of might


   Skills:
 + Level 10.5 Fighting
 + Level 11.8 Maces & Flails
 + Level 12.4 Armour
 + Level 4.1 Dodging
 + Level 1.0 Stealth
 + Level 13.0 Shields


You had 7 spell levels left.
You didn't know any spells.
Your spell library was empty.

Dungeon Overview and Level Annotations

Branches:
Dungeon (1/1)

Altars:
Ashenzari
Cheibriados
Dithmenos
Elyvilon
Fedhas
Gozag
Hepliaklqana
Kikubaaqudgha
Makhleb
Nemelex Xobeh
Okawaru
Qazlal
Ru
Sif Muna
Trog
Uskayaw
Vehumet
Wu Jian
Xom
Yredelemnul
Zin
The Shining One
Beogh
Jiyva
Lugonu


Innate Abilities, Weirdness & Mutations

You have a pair of horns on your head.
You reflexively headbutt those who attack you in melee.


Message History

Okawaru accepts your kill.
You block the vampire mosquito's attack. x2
You block the spriggan rider's attack.
Your base Shields skill increases to level 13!
You closely miss the redback. Your headbutt misses the redback.
The redback bites you!
The vampire mosquito closely misses you.
You closely miss the redback.
The redback bites you but does no damage.
You block the vampire mosquito's attack.
You block the spriggan rider's attack.
You puncture the redback!
The redback is heavily wounded.
The vampire mosquito bites you.
The vampire mosquito draws strength from your injuries!
The redback bites you but does no damage.
You block the vampire mosquito's attack.
The spriggan rider barely misses you. The redback bites you!
You are lethally poisoned!
The redback poisons you!
You closely miss the vampire mosquito.
You feel extremely sick.
You block the vampire mosquito's attack.
You block the redback's attack.
You impale the vampire mosquito!!
The vampire mosquito is severely damaged.
You feel like a meek peon again.
You feel very sick. The vampire mosquito barely misses you.
You block the spriggan rider's attack. The redback closely misses you.
You closely miss the vampire mosquito.
The vampire mosquito is severely damaged.
* * * LOW HITPOINT WARNING * * *
You feel extremely sick.
The vampire mosquito bites you but does no damage.
You block the vampire mosquito's attack.
The spriggan rider hits you from afar with a +0 spear!
* * * LOW HITPOINT WARNING * * *
The redback bites you!
You die...

...##.......##......#
÷####.......##......#
...##...<...###....##
...##.......# ##''##
...##.......###.[†.##
#####.......##......#
#..###########......+
#.############......#
#.#....#..[.###.@..##
#)#....#..[[# ##sy##
#.'....'..))# .i..#
#'#....#..))# ......#
'.#....#...)##......#
#####################


You could see a spriggan rider, a vampire mosquito and a redback.

Vanquished Creatures
  An orange demon (D)
  A jumping spider (D)
  A fire bat (D)
  A steam dragon (D)
  4 vampire mosquitoes (D)
  Duvessa (D)
  A floating eye (D)
  A swamp drake (D)
  A wolf (D)
  A kobold brigand (D)
  Dowan (D)
  A hound (D)
  A jelly (D)
  An iguana (D)
  2 mummies (D)
  An adder (D)
  2 ufetubi (D)
  5 orcs (D)
  An endoplasm (D)
  2 goblins (D)
  2 jackals (D)
  A frilled lizard (D)
  A kobold (D)
  A rat (D)
35 creatures vanquished.

Notes
Turn   | Place    | Note
-------+----------+-------------------------------------------
     0 | D        | boopmooplesden the Minotaur Fighter began the quest for the
                  | Orb.
     0 | D        | Reached XP level 1. HP: 19/19 MP: 0/0
     9 | D        | Noticed a floating eye
    12 | D        | Paralysed by a floating eye for 4 turns
    17 | D        | Killed a floating eye
    18 | D        | Reached skill level 6 in Shields
    18 | D        | Reached XP level 2. HP: 31/31 MP: 1/1
    18 | D        | Reached XP level 3. HP: 38/38 MP: 2/2
    18 | D        | Reached XP level 4. HP: 45/45 MP: 3/3
    43 | D        | Found a glowing golden altar of the Shining One.
    43 | D        | Found a glowing silver altar of Zin.
    43 | D        | Found a basalt altar of Yredelemnul.
    43 | D        | Found a shimmering altar of Xom.
    43 | D        | Found an ornate altar of the Wu Jian Council.
    43 | D        | Found a bloodstained altar of Trog.
    43 | D        | Found a shimmering blue altar of Sif Muna.
    43 | D        | Found a sacrificial altar of Ru.
    43 | D        | Found a stormy altar of Qazlal.
    43 | D        | Found an iron altar of Okawaru.
    43 | D        | Found a sparkling altar of Nemelex Xobeh.
    43 | D        | Found a burning altar of Makhleb.
    43 | D        | Found a viscous altar of Jiyva.
    43 | D        | Found a hazy altar of Hepliaklqana.
    43 | D        | Found an opulent altar of Gozag.
    43 | D        | Found a blossoming altar of Fedhas.
    43 | D        | Found a white marble altar of Elyvilon.
    43 | D        | Found a shadowy altar of Dithmenos.
    43 | D        | Found a snail-covered altar of Cheibriados.
    44 | D        | Found a radiant altar of Vehumet.
    44 | D        | Found a corrupted altar of Lugonu.
    45 | D        | Found a hide-covered altar of Uskayaw.
    45 | D        | Found an ancient bone altar of Kikubaaqudgha.
    45 | D        | Found a broken altar of Ashenzari.
    49 | D        | Became a worshipper of Warmaster Okawaru
    74 | D        | Reached skill level 7 in Shields
   314 | D        | Noticed a kobold brigand
   314 | D        | Noticed Dowan
   314 | D        | Noticed Duvessa
   327 | D        | Killed a kobold brigand
   328 | D        | Reached skill level 5 in Maces & Flails
   328 | D        | Reached skill level 1 in Dodging
   328 | D        | Reached skill level 8 in Shields
   328 | D        | Reached XP level 5. HP: 52/53 MP: 4/4
   335 | D        | Killed Duvessa
   335 | D        | Reached * piety under Okawaru
   336 | D        | Reached skill level 9 in Shields
   336 | D        | Reached XP level 6. HP: 35/62 MP: 5/5
   345 | D        | Killed Dowan
   526 | D        | Noticed a fire bat
   534 | D        | Killed a fire bat
   535 | D        | Reached skill level 10 in Armour
   535 | D        | Reached skill level 10 in Shields
   535 | D        | Reached XP level 7. HP: 53/70 MP: 6/6
   742 | D        | Reached ** piety under Okawaru
   753 | D        | Noticed an orange demon
   753 | D        | Noticed a vampire mosquito
   753 | D        | Noticed a vampire mosquito
   753 | D        | Noticed a vampire mosquito
   778 | D        | Killed a vampire mosquito
   779 | D        | Reached skill level 1 in Stealth
   779 | D        | Reached skill level 11 in Shields
   785 | D        | Killed a vampire mosquito
   786 | D        | Reached skill level 10 in Maces & Flails
   786 | D        | Reached XP level 8. HP: 40/79 MP: 7/7
   796 | D        | Killed an orange demon
   797 | D        | Reached skill level 10 in Fighting
   797 | D        | Reached skill level 12 in Shields
  1031 | D        | Noticed a jumping spider
  1039 | D        | Reached *** piety under Okawaru
  1057 | D        | Killed a jumping spider
  1164 | D        | Noticed a spriggan rider
  1174 | D        | Reached skill level 13 in Shields
  1179 | D        | Slain by a redback

Illustrated notes

Levels and vault maps discovered:
D:        pitsprint [storerooms_1, entrance_room_1, metal_vault_2, armoury_3,
          mini_pit_1, grid_room_1, main_hall_1, silver_pit, the_coven_2,
          the_vestibule_1, steel_vault_3, golden_pit, hallway_of_sentries,
          crystal_vault_1, iron_vault_2, final_vault]

Skill      XL: |  1  2  3  4  5  6  7  8 |
---------------+-------------------------+-----
Fighting       | 6 8 9 10 | 10.5
Maces & Flails | 3 5 6 8 10 11 | 11.8
Armour         | 6 8 9 10 11 12 | 12.4
Shields        | 6 8 9 10 11 13 | 13.0
Dodging        | 1 2 3 4 |  4.1
Stealth        | 1 |  1.0

Action                   |  1- 3 |  4- 6 |  7- 9 || total
-------------------------+-------+-------+-------++-------
Melee: Flail             |     4 |    22 |       ||    26
       Headbutt          |       |    13 |    16 ||    29
       Mace              |       |    33 |    84 ||   117
       Morningstar       |       |       |    24 ||    24
Invok: Heroism           |       |       |     1 ||     1
  Use: Potion            |       |     3 |       ||     3
Armor: Scale mail        |       |    10 |       ||    10
       Chain mail        |       |    13 |    56 ||    69
Dodge: Dodged            |       |    24 |    46 ||    70
Block: Kite shield       |       |    41 |    99 ||   140
